 Dungeon Crawl Stone Soup version 0.27.1-4-g1640c2035a (webtiles) character file.

Game seed: 4668131202821384285

135 vineage the Slasher (level 4, -1/34 HPs)
             Began as a Demonspawn Gladiator on Nov 17, 2021.
             Slain by Edmund (4 damage)
             ... on level 4 of the Dungeon.
             The game lasted 00:06:09 (2744 turns).

vineage the Slasher (Demonspawn Gladiator)          Turns: 2744, Time: 00:06:10

Health: -1/34      AC:  8    Str: 15    XL:     4   Next: 97%
Magic:  4/4        EV: 10    Int: 10    God:
Gold:   195        SH:  0    Dex: 14    Spells: 3/3 levels left

rFire    . . .     SeeInvis .   a - +1 long sword
rCold    . . .     Faith    .   (no shield)
rNeg     . . .     Spirit   .   g - +0 scale mail
rPois    .         Reflect  .   c - +0 helmet
rElec    .         Harm     .   (no cloak)
rCorr    .         Rampage  .   e - +0 pair of gloves
Will     .....                  (no boots)
Stlth    ..........             (no amulet)
HPRegen  0.11/turn              (no ring)
MPRegen  0.09/turn              (no ring)

@: mighty, lethally poisoned (-1 -> -9)
A: hooves 1, powered by pain 1
a: no special abilities


You were on level 4 of the Dungeon.
You visited 1 branch of the dungeon, and saw 4 of its levels.

You collected 195 gold pieces.

Inventory:

Hand Weapons
 a - a +1 long sword (weapon)
 o - a +4 war axe
Missiles
 d - 3 throwing nets (quivered)
Armour
 b - a +0 leather armour
 c - a +0 helmet (worn)
 e - a +0 pair of gloves (worn)
 g - a +0 scale mail (worn)
Jewellery
 j - an amulet of faith
Scrolls
 h - a scroll of enchant armour
 n - a scroll of fog
Potions
 f - a potion of might
 i - 2 potions of attraction
 k - a potion of magic {unknown}
 l - a potion of curing {unknown}
 p - a potion of heal wounds {unknown}


   Skills:
 * Level 2.9 Fighting
 + Level 4.1 Long Blades
 - Level 1.7 Throwing
 * Level 2.0 Armour
 - Level 2.7 Dodging


You had 3 spell levels left.
You didn't know any spells.
Your spell library contained the following spells:

 Spells                   Type           Power      Damage    Failure   Level
 Pain                     Necr           0%         1d4       83%         1
 Shock                    Conj/Air       0%         1d3       83%         1
 Blink                    Tloc           N/A        N/A       92%         2
 Lesser Beckoning         Tloc           0%         N/A       99%         3
 Agony                    Necr           0%         N/A       100%        5
 Excruciating Wounds      Necr           0%         N/A       100%        5
 Manifold Assault         Tloc           0%         N/A       100%        5


Dungeon Overview and Level Annotations

Branches:
Dungeon (4/15)
 Temple: D:4-7

Altars:
Trog

Shops:
D:1 !   D:2 *:   D:4 :

Annotations:
D:4 Edmund


Innate Abilities, Weirdness & Mutations

You have large cloven feet.
You sometimes gain a little power by taking damage.


Message History

Your Armour skill increases to level 2!
You see here a +4 war axe.
o - a +4 war axe A kobold comes into view.
It is wielding a +0 club.
The kobold shouts!
The kobold throws a stone.
The stone closely misses you.
You see here 14 gold pieces.
Edmund the Younger comes into view.
He is wielding a +3 flail of venom and wearing a +1 chain mail of fire resistance.
Found a short sword.
Edmund shouts!
Edmund drinks a potion.
Edmund suddenly seems more resistant.
You are too injured to fight recklessly!
You closely miss the kobold. You kick the kobold.
You kill the kobold!
You see here 14 gold pieces.
You now have 195 gold pieces (gained 14).
As you read the scroll of identify, it crumbles to dust.
i - 2 potions of attraction
Found an escape hatch in the floor.
Found a stone staircase leading up.
There is an entrance to Ahaps's Self-Improvement Boutique here.
There are no items here.
You feel very mighty all of a sudden.
Edmund clears his throat.
There is an entrance to Ahaps's Self-Improvement Boutique here.
Edmund barely misses you.
You riposte.
You slash Edmund! You kick Edmund!
Edmund is heavily wounded.
You closely miss Edmund.
Edmund is heavily wounded.
Edmund closely misses you.
You hit Edmund.
Edmund is severely wounded.
Edmund hits you with a +3 flail of venom!
* * * LOW HITPOINT WARNING * * *
You are lethally poisoned!
You hit Edmund but do no damage. You kick Edmund!
Edmund is almost dead.
* * * LOW HITPOINT WARNING * * *
You feel very sick.
Edmund hits you with a +3 flail of venom.
You die...

.# . ####.##.....
#...)...##.##
#.##.##.....
#.##.......
###.##≈≈.≈≈###
#....≈≈≈.≈≈≈)####
#.#..≈≈⌠.⌠≈≈.....
#.#.#.@@∩........
#.#..≈≈⌠.⌠≈≈..>..
#.##.≈≈≈.≈≈≈.....
#....†≈≈.≈≈...<..
######..#........
#.##........
#.#####..... ...
.....


You could see Edmund (resistant).

Vanquished Creatures
  A hound (D:4)
  An adder (D:2)
  3 dart slugs
  3 worms
  3 orcs (D:3)
  2 ball pythons
  7 endoplasms
  2 giant cockroaches (D:1)
  8 goblins
  5 hobgoblins
  12 jackals (D:1)
  2 kobolds
  3 quokkas
  9 bats
  3 frilled lizards
  6 rats
70 creatures vanquished.

Notes
Turn   | Place    | Note
-------+----------+-------------------------------------------
     0 | D:1      | vineage the Demonspawn Gladiator began the quest for the
                  | Orb.
     0 | D:1      | Reached XP level 1. HP: 16/16 MP: 1/1
   100 | D:1      | Found a faded altar of an unknown god.
   104 | D:1      | Got Plato's Grimoire of Air
   138 | D:1      | Reached skill level 3 in Long Blades
   138 | D:1      | Gained mutation: You have large cloven feet. [demonic
                  | ancestry]
   138 | D:1      | Reached XP level 2. HP: 20/22 MP: 2/2
   476 | D:1      | Found Laewaak's Distillery.
   627 | D:1      | Reached skill level 1 in Armour
   647 | D:1      | Reached XP level 3. HP: 28/28 MP: 3/3
  1233 | D:2      | Found Xyraores's General Store.
  1546 | D:2      | Gained mutation: You sometimes gain a little power by
                  | taking damage. [demonic ancestry]
  1546 | D:2      | Reached XP level 4. HP: 34/34 MP: 4/4
  1569 | D:2      | Found Deezy's Book Boutique.
  2573 | D:3      | Found a bloodstained altar of Trog.
  2680 | D:4      | Found Ahaps's Self-Improvement Boutique.
  2711 | D:4      | Reached skill level 4 in Long Blades
  2723 | D:4      | Noticed Edmund
  2744 | D:4      | Slain by Edmund

Illustrated notes

Levels and vault maps discovered:
D:1:      kennysheep_arrival_forest, layout_loops_ring, serial_shops, shop,
          shapermc_ecumenical_altar_rom_forum, minmay_tetromino_i2
D:2:      cheibrodos_old_hovel, layout_basic, serial_shops,
          nicolae_shop_statue_plus, nicolae_shop_window_shopping
D:3:      minmay_wonky_spiral, layout_basic,
          mainiacjoe_overflow_concentric_impassable
D:4:      layout_loops_cross, nemelex_spade_bored_becter,
          nicolae_shop_self_help, uniq_edmund

Skill      XL: |  1  2  3  4 |
---------------+-------------+-----
Long Blades    | 3 4 |  4.1
Armour         | 1 2 |  2.0
Fighting       | |  2.9
Throwing       | |  1.7
Dodging        | |  2.7

Action                   |  1- 3 |  4- 6 || total
-------------------------+-------+-------++-------
Melee: Long sword        |    96 |    46 ||   142
       Kick              |    22 |    14 ||    36
  Use: Scroll            |     3 |     4 ||     7
       Potion            |     1 |     1 ||     2
Armor: Leather armour    |    13 |       ||    13
       Scale mail        |    30 |    16 ||    46
Dodge: Dodged            |    74 |    16 ||    90
       Rpst.: Long sword |    27 |     4 ||    31
